 Dungeon Crawl Stone Soup version 0.24.0-123-gd5b16e6ec5 (webtiles) character file.

Game seed: 1172831749975034037, levelgen mode: deterministic

64 Elellon the Chopper (level 3, -3/33 HPs)
             Began as a Deep Dwarf Fighter on Jan 31, 2020.
             Slain by a worm (4 damage)
             ... on level 3 of the Dungeon.
             The game lasted 00:01:27 (1007 turns).

Elellon the Chopper (Deep Dwarf Fighter)            Turns: 1007, Time: 00:01:28

Health: -3/33      AC:  6    Str: 20    XL:     3   Next: 91%
Magic:  3/3        EV:  7    Int:  8    God:
Gold:   82         SH:  9    Dex: 12    Spells: 2/2 levels left

rFire    + . .     SeeInvis .   a - +0 war axe
rCold    + . .     Gourm    .   c - +0 shield
rNeg     . . .     Faith    .   b - +0 scale mail
rPois    .         Spirit   .   (no helmet)
rElec    .         Reflect  .   i - scarf {rC+ rF+}
rCorr    .         Harm     .   (no gloves)
MR       .....                  (no boots)
Stlth    ..........             (no amulet)
HPRegen  0.00/turn              (no ring)
MPRegen  0.08/turn              (no ring)

@: lethally poisoned (-3 -> -3), non-regenerating
A: damage resistance, heal wounds, sense surroundings 1, no regeneration
a: Heal Wounds


You were on level 3 of the Dungeon.
You were hungry.

You visited 1 branch of the dungeon, and saw 3 of its levels.

You collected 82 gold pieces.

Inventory:

Hand Weapons
 a - a +0 war axe (weapon)
Missiles
 l - 6 javelins (quivered)
Armour
 b - a +0 scale mail (worn)
 c - a +0 shield (worn)
 i - a scarf of resistance (worn)
Scrolls
 h - a scroll of teleportation {unknown}
 j - a scroll of blinking {unknown}
 k - a scroll of enchant weapon {unknown}
 m - a scroll of amnesia {unknown}
Potions
 d - a potion of might
 e - a potion of haste {unknown}
Comestibles
 f - 2 rations
 g - a chunk of flesh


   Skills:
 - Level 2.6 Fighting
 + Level 4.7 Axes
 - Level 3.2 Armour
 - Level 3.2 Shields


You had 2 spell levels left.
You didn't know any spells.
Your spell library was empty.

Dungeon Overview and Level Annotations

Branches:
Dungeon (2/15)

Altars:
Makhleb


Innate Abilities, Weirdness & Mutations

You are resistant to damage.
You can heal yourself by infusing magical energy.
You passively map a small area around you.
You do not regenerate.


Message History

The worm closely misses you. The gnoll hits you but does no damage.
You closely miss the gnoll.
The gnoll is almost dead.
You closely miss the phantom.
Your shield and scale mail prevent you from hitting the worm.
The gnoll hits you with a +0 spear. The phantom hits you.
* * * LOW HITPOINT WARNING * * *
The worm bites you.
* * * LOW HITPOINT WARNING * * *
You closely miss the gnoll.
The gnoll is almost dead.
You barely miss the phantom. You barely miss the worm.
The gnoll hits you with a +0 spear.
The phantom blinks!
You hit the gnoll.
You kill the gnoll!
You hit the goblin.
You kill the goblin!
You hit the worm but do no damage. You block the worm's attack.
The worm bites you.
You die...

, ,....#
,#####....#
,#.......# * *
#%......# ,
#.......# #
#.......##.##
##+##............
* #.w...W...w..#
, , ,,,
##)@.....((..##*
,
,,+(().........#
###########...#
,* ....#* ,, , ,*
..#... * ,
..#.... * ** #..
### ..# ,


You could see a phantom and a worm.

Vanquished Creatures
  3 gnolls (D:3)
  An ooze (D:1)
  A dart slug (D:2)
  A leopard gecko (D:1)
  4 bats (D:1)
  A giant cockroach (D:1)
  2 goblins
  4 hobgoblins (D:1)
  7 kobolds (D:1)
  5 frilled lizards
  A rat (D:1)
30 creatures vanquished.

Notes
Turn   | Place    | Note
-------+----------+-------------------------------------------
     0 | D:1      | Elellon the Deep Dwarf Fighter began the quest for the Orb.
     0 | D:1      | Reached XP level 1. HP: 20/20 MP: 1/1
   115 | D:1      | Reached skill level 3 in Axes
   116 | D:1      | Reached XP level 2. HP: 27/27 MP: 2/2
   639 | D:1      | Reached XP level 3. HP: 26/33 MP: 3/3
   965 | D:2      | Found a burning altar of Makhleb.
   966 | D:2      | Reached skill level 4 in Axes
   976 | D:2      | You fall into a shaft and drop 1 floor!
   977 | D:3      | Noticed a phantom
  1004 | D:3      | HP: 1/33 [worm (1)]
  1007 | D:3      | Slain by a worm

Levels and vault maps discovered:
D:1:      arrival_zaba_pyramid, layout_basic
D:2:      layout_loops_ring, lemuel_crystal_altar, dk_yredelemnul_ordeal,
          uniq_terence
D:3:      kennysheep_the_goblin_king, layout_basic, first_ration,
          chequers_ecumenical_altar_simple_redux, palyth_stone_intersect

Skill      XL: |  1  2  3 |
---------------+----------+-----
Axes           | 3 4 |  4.7
Fighting       | |  2.6
Armour         | |  3.2
Shields        | |  3.2

Action                   || total
-------------------------++-------
Melee: War axe           ||   101
Armor: Scale mail        ||    47
Dodge: Dodged            ||    33
Block: Shield            ||    63
